 Dungeon Crawl Stone Soup version 0.23-a0-309-ge7838e6 (webtiles) character file.

15947 galech the Cleaver (level 12, -8/93 HPs)
             Began as a Demonspawn Fighter on Oct 11, 2018.
             Was a High Priest of Okawaru.
             Mangled by a frost giant
             ... wielding a +2 battleaxe of freezing
              (30 damage)
             ... in an ice cave.
             The game lasted 00:21:03 (13539 turns).

galech the Cleaver (Demonspawn Fighter)            Turns: 13539, Time: 00:21:03

Health: -8/93      AC: 26    Str: 16    XL:     12   Next: 5%
Magic:  12/12      EV:  9    Int: 12    God:    Okawaru [*****.]
Gold:   513        SH: 17    Dex: 18    Spells: 11/11 levels left

rFire    . . .     SeeInvis .   R - +5 hand axe (freeze)
rCold    + . .     Gourm    .   t - +0 large shield
rNeg     . . .     Faith    .   b - +0 scale mail
rPois    .         Spirit   .   (helmet unavailable)
rElec    .         Reflect  .   I - +2 cloak of Disguise {Int+2}
rCorr    .         Harm     .   L - +0 pair of gloves
MR       .....                  m - +0 pair of boots
Stlth    +.........             (no amulet)
HPRegen  0.25/turn              g - +3 ring of protection
MPRegen  0.13/turn              n - ring of ice

@: sanguine armour
A: horns 3, fire resistance 1, flame cloud immunity, sanguine armour 2
a: Heroism, Finesse, Renounce Religion


You were in an ice cave.
You worshipped Okawaru.
Okawaru was extremely pleased with you.
You were very hungry.

You visited 2 branches of the dungeon, and saw 12 of its levels.
You also visited: Sewer and Ice Cave.

You collected 513 gold pieces.

Inventory:

Hand Weapons
 a - a +0 war axe
 F - the +7 long sword "Past" {drain, MR+}
   (You found it on level 7 of the Dungeon)

   A truly terrible weapon, it drains the life of those it strikes.
   It affects your resistance to hostile enchantments.
 O - a +0 hand axe of venom
 R - a +5 hand axe of freezing (weapon)
Armour
 b - a +0 scale mail (worn)
 m - a +0 pair of boots (worn)
 t - a +0 large shield (worn)
 I - the +2 cloak of Disguise (worn) {Int+2}
   (Okawaru gifted it to you in an ice cave)

   It affects your intelligence (+2).
 L - a +0 pair of gloves (worn)
Jewellery
 g - a +3 ring of protection (left hand)
 n - a ring of ice (right hand)
 D - a +2 ring of protection
 Q - a +2 ring of strength
Wands
 c - a wand of digging (6)
 s - a wand of flame (23)
 u - a wand of random effects (31)
 K - a wand of polymorph (22)
 M - a wand of iceblast (14)
Scrolls
 e - 2 scrolls of teleportation
 h - 8 scrolls of remove curse
 l - 3 scrolls of enchant armour
 o - 3 scrolls of enchant weapon
 p - 2 scrolls of fog
 r - a scroll of magic mapping
 x - 4 scrolls of random uselessness
 y - 2 scrolls of fear
 B - a scroll of immolation
 N - a scroll of amnesia
 P - a scroll of torment
Potions
 d - 11 potions of might
 i - a potion of cancellation {unknown}
 j - 6 potions of curing
 k - 4 potions of invisibility
 q - a potion of lignification {unknown}
 v - 2 potions of brilliance {unknown}
 w - a potion of resistance {unknown}
 z - 6 potions of heal wounds {unknown}
 A - 3 potions of agility
 C - 3 potions of haste {unknown}
 E - a potion of degeneration {unknown}
 G - 2 potions of flight
 J - a potion of magic
 S - 2 potions of mutation {unknown}
Comestibles
 f - 24 rations


   Skills:
 + Level 8.3 Fighting
 + Level 10.6 Axes
 + Level 7.4 Armour
 + Level 4.9 Dodging
 + Level 3.1 Stealth
 + Level 9.8 Shields
 + Level 0.9 Invocations


You had 11 spell levels left.
You didn't know any spells.
Your spell library contained the following spells:

 Spells                   Type           Power        Failure   Level  Hunger
 Corona                   Hex            #......      100%        1    ##.....
 Slow                     Hex            #.......     100%        2    ###....
 Inner Flame              Hex/Fire       #.......     100%        3    ####...
 Portal Projectile        Hex/Tloc       #.....       100%        3    ####...
 Cause Fear               Hex            #.........   100%        4    #####..
 Leda's Liquefaction      Hex/Erth       #.........   100%        4    #####..


Dungeon Overview and Level Annotations

Branches:
Dungeon (11/15)            Temple (1/1) D:6            Lair (0/6) D:11
    Orc: D:9-12

Altars:
Ashenzari
Elyvilon
Fedhas
Gozag
Hepliaklqana
Kikubaaqudgha
Makhleb
Nemelex Xobeh
Okawaru
Qazlal
Ru
Sif Muna
Trog
Uskayaw
Vehumet
Wu Jian
Xom
Yredelemnul
Zin
The Shining One
Lugonu

Shops:
D:5 [   D:7 =   D:8 :


Innate Abilities, Weirdness & Mutations

You have a pair of large horns on your head.
Your flesh is heat resistant. (rF+)
You are immune to clouds of flame.
When seriously injured, your bleeding wounds create thick armour. (AC +9)


Message History

The frost giant is almost dead.
You hit the yak. You freeze the yak. You block the yak's attack.
You block the frost giant's attack.
You completely miss the frost giant.
The frost giant is almost dead.
You hit the yak but do no damage. The yak gores you but does no damage.
You hit the frost giant but do no damage.
The frost giant is almost dead.
Your shield prevents you from hitting the yak.
The frost giant hits you but does no damage.
The yak gores you but does no damage.
Your shield and scale mail prevent you from hitting the frost giant.
The frost giant is almost dead.
You hit the yak. You freeze the yak. You block the frost giant's attack.
The yak gores you but does no damage.
You hit the frost giant but do no damage.
The frost giant is almost dead.
You closely miss the yak. You block the yak's attack.
The frost giant hits you with a battleaxe of freezing!!
You die...

##.##
#..# ##.
#..#
##.###..
#.##
#..##..
##.#
##.....
##..#
##....
#..##
##...
#..#
#..#
#..#
##.#
#@## ###
#YC#
#..#
##.##
#..#
#..## ##
##..# #.
#..# ##
##.# #


You could see a frost giant and a yak.

Vanquished Creatures
  2 two-headed ogres
  The ghost of namelastname112 the Skirmisher, a novice DrWn of Dithmenos (D:7)
  An unseen horror (D:10)
  An ugly thing (D:10)
  An elephant (D:11)
  2 ice statues (IceCv)
  13 polar bears (IceCv)
  A troll (D:10)
  A hippogriff (D:7)
  21 yaks
  Grum (D:11)
  A steam dragon (D:9)
  4 vampire mosquitoes (D:10)
  A hungry ghost (D:9)
  A water moccasin (D:11)
  3 orc warriors
  An ice beast (D:7)
  3 phantoms
  2 sky beasts
  2 ogres
  9 wolves
  A necrophage (D:7)
  5 centaurs
  2 crocodiles (D:11)
  3 big kobolds
  4 bullfrogs
  A gnoll sergeant (D:9)
  A water moccasin skeleton (D:5)
  5 howler monkeys
  2 crimson imps (D:6)
  4 hounds
  3 bullfrog zombies
  9 orc priests
  Crazy Yiuf (D:4)
  2 centaur skeletons
  A jelly (D:6)
  2 bullfrog skeletons
  4 iguanas
  10 orc wizards
  13 worker ants
  Ijyb (D:4)
  3 hound zombies
  3 hound skeletons
  A worker ant zombie (D:5)
  Robin (D:4)
  14 adders
  9 gnolls
  5 river rats (Sewer)
  2 shadow imps
  An ooze (D:7)
  An adder skeleton (D:4)
  An adder zombie (D:5)
  3 worms
  A dart slug (D:4)
  4 leopard geckos
  43 orcs
  8 ball pythons
  8 bats
  6 giant cockroaches
  17 goblins
  6 hobgoblins
  21 jackals
  6 quokkas
  6 frilled lizards
  36 kobolds
  A quokka skeleton (D:4)
  A quokka zombie (D:5)
  29 rats
  A spectral orc (D:2)
384 creatures vanquished.

Vanquished Creatures (others)
  An orc wizard (D:10)
1 creature vanquished.

Grand Total: 385 creatures vanquished

Notes
Turn   | Place    | Note
-------+----------+-------------------------------------------
     0 | D:1      | galech the Demonspawn Fighter began the quest for the Orb.
     0 | D:1      | Reached XP level 1. HP: 18/18 MP: 1/1
   293 | D:1      | Gained mutation: When seriously injured, your bleeding
                  | wounds create armour. (AC +9) [demonic ancestry]
   293 | D:1      | Reached XP level 2. HP: 24/24 MP: 2/2
   798 | D:1      | Reached skill level 2 in Axes
  1237 | D:1      | Reached XP level 3. HP: 8/29 MP: 3/3
  1657 | D:2      | Reached XP level 4. HP: 28/35 MP: 4/4
  2178 | D:2      | Found a basalt altar of Yredelemnul.
  2374 | D:3      | Reached skill level 3 in Axes
  2396 | D:3      | Reached skill level 1 in Dodging
  2477 | D:3      | Reached XP level 5. HP: 19/41 MP: 5/5
  2652 | D:3      | Found a sparkling altar of Nemelex Xobeh.
  3146 | D:4      | Noticed a centaur
  3155 | D:4      | Killed a centaur
  3155 | D:4      | Reached skill level 4 in Axes
  3155 | D:4      | Gained mutation: You have a pair of small horns on your
                  | head. [demonic ancestry]
  3155 | D:4      | Reached XP level 6. HP: 37/48 MP: 6/6
  3192 | D:4      | Noticed Robin
  3212 | D:4      | Killed Robin
  3367 | D:4      | Reached skill level 5 in Axes
  3367 | D:4      | Gained mutation: You have a pair of horns on your head.
                  | [demonic ancestry]
  3367 | D:4      | Reached XP level 7. HP: 46/54 MP: 7/7
  3710 | D:4      | Noticed Ijyb
  3730 | D:4      | Killed Ijyb
  3938 | D:4      | Found a radiant altar of Vehumet.
  4077 | D:4      | Found a runed door.
  4081 | D:4      | Noticed Crazy Yiuf
  4085 | D:4      | Killed Crazy Yiuf
  4335 | D:5      | Entered Level 5 of the Dungeon
  4448 | D:5      | Found a shattered altar of Ashenzari.
  4502 | D:5      | Found a hide-covered altar of Uskayaw.
  4502 | D:5      | Found an ancient bone altar of Kikubaaqudgha.
  4506 | D:5      | Found a bloodstained altar of Trog.
  4506 | D:5      | Found a hazy altar of Hepliaklqana.
  4585 | D:5      | Found Ogeorievepp's Armour Emporium.
  4702 | D:5      | Gained mutation: You have a pair of large horns on your
                  | head. [demonic ancestry]
  4702 | D:5      | Reached XP level 8. HP: 44/60 MP: 8/8
  4945 | D:5      | Reached skill level 6 in Axes
  5340 | D:6      | Reached skill level 5 in Shields
  5434 | D:6      | Found a glowing drain.
  5438 | Sewer    | Entered a sewer
  5984 | D:6      | Found a staircase to the Ecumenical Temple.
  6011 | Temple   | Entered the Ecumenical Temple
  6024 | Temple   | Became a worshipper of Warmaster Okawaru
  6063 | D:6      | Found a white marble altar of Elyvilon.
  6189 | D:6      | Reached skill level 7 in Axes
  6441 | D:6      | Reached * piety under Okawaru
  6869 | D:7      | Found a runed door.
  6869 | D:7      | Noticed namelastname112's ghost (novice DrWn)
  6880 | D:7      | Reached XP level 9. HP: 67/67 MP: 9/9
  6901 | D:7      | Found Geeg's Jewellery Shoppe.
  6920 | D:7      | Reached skill level 5 in Armour
  6930 | D:7      | Reached skill level 5 in Fighting
  6985 | D:7      | Reached ** piety under Okawaru
  7111 | D:7      | Reached skill level 1 in Stealth
  7286 | D:7      | Got an iridescent long sword
  7291 | D:7      | Identified the +7 long sword "Past" {drain, MR+} (You found
                  | it on level 7 of the Dungeon)
  7375 | D:7      | Found a burning altar of Makhleb.
  7385 | D:7      | Reached skill level 8 in Axes
  7500 | D:7      | Found a deep blue altar of Sif Muna.
  7566 | D:7      | Killed namelastname112's ghost
  7566 | D:7      | Reached *** piety under Okawaru
  7881 | D:8      | Found an ornate altar of the Wu Jian Council.
  7939 | D:8      | Found Exze's Book Boutique.
  8610 | D:9      | Found a glowing silver altar of Zin.
  8625 | D:9      | Gained mutation: Your flesh is heat resistant. (rF+)
                  | [demonic ancestry]
  8625 | D:9      | Reached XP level 10. HP: 48/76 MP: 7/10
  8877 | D:9      | Found a stormy altar of Qazlal.
  9086 | D:9      | Found a sacrificial altar of Ru.
  9154 | D:9      | Got a distressingly furry robe
  9165 | D:9      | Identified the +1 robe "Moenk" {rPois Stlth+} (You found it
                  | on level 9 of the Dungeon)
  9504 | D:9      | Reached skill level 9 in Axes
  9525 | D:9      | Reached **** piety under Okawaru
  9680 | D:10     | Entered Level 10 of the Dungeon
  9768 | D:10     | Killed an unseen horror
  9964 | D:10     | Noticed a red ugly thing
  9973 | D:10     | Killed a red ugly thing
 10005 | D:10     | Reached ***** piety under Okawaru
 10358 | D:10     | Noticed a two-headed ogre
 10369 | D:10     | Killed a two-headed ogre
 10588 | D:10     | Gained mutation: When seriously injured, your bleeding
                  | wounds create thick armour. (AC +9) [demonic ancestry]
 10588 | D:10     | Reached XP level 11. HP: 46/84 MP: 11/11
 11371 | D:11     | Noticed Grum
 11393 | D:11     | Killed Grum
 11440 | D:11     | Found a staircase to the Lair.
 11441 | D:11     | Noticed a two-headed ogre
 11452 | D:11     | Received a gift from Okawaru
 11472 | D:11     | Killed a two-headed ogre
 11510 | D:11     | Reached skill level 10 in Axes
 11709 | D:11     | Found a frozen archway.
 11841 | IceCv    | Entered an ice cave
 12810 | IceCv    | Received a gift from Okawaru
 12813 | IceCv    | Got a slimy cloak {god gift}
 12824 | IceCv    | Identified the +2 cloak of Disguise {Int+2} (Okawaru gifted
                  | it to you in an ice cave)
 13072 | IceCv    | Gained mutation: You are immune to clouds of flame.
                  | [demonic ancestry]
 13072 | IceCv    | Reached XP level 12. HP: 89/93 MP: 12/12
 13496 | IceCv    | Noticed a frost giant
 13539 | IceCv    | Mangled by a frost giant

Vault maps used:
D:1:      sevenhm_arrival_forest_fort_small_4, serial_forest,
          infiniplex_forest_clump_double, infiniplex_forest_clump_medium,
          infiniplex_forest_lined_3, infiniplex_forest_lined_3_way,
          infiniplex_forest_lined_room_3, infiniplex_forest_clump_small,
          infiniplex_forest_clump_double, infiniplex_forest_clump_small
D:2:      yredelemnul_forgotten_temple_becter
D:3:      hangedman_decor_clover_reticule, nemelex_spade_bored_becter
D:4:      lemuel_round_altar, first_ration, uniq_crazy_yiuf_cottage, uniq_robin,
          uniq_ijyb
D:5:      grunt_temple_overflow_open, ashenzari_altar_1, serial_shops, shop,
          serial_undead, serial_undead_a, serial_undead_f, serial_undead_e,
          serial_undead_c
D:6:      lemuel_doored_altar, minmay_temple_entry_glass,
          gup_sewer_entry_spiral, kennysheep_windowed_goal
D:7:      makhleb_blood_cavern_becter, led_sif_pool, serial_shops,
          nicolae_shop_temple_entry_statues_fountains,
          hellmonk_ghost_happy_afterlife
D:8:      old_standard_altar, serial_shops, shop, abandoned_shop
D:9:      nicolae_qazlal_eye_of_the_storm, nicolae_ru_great_annihilating_truth,
          zin_academy
D:11:     david_lair_generic, portal_ice_cave_entry_pillars_1, uniq_fannar,
          uniq_grum
Temple:   corrupted_temple
Sewer:    sewer_minmay_treatment
IceCv:    ice_cave_small_giant

Skill      XL: |  1  2  3  4  5  6  7  8  9 10 11 |
---------------+----------------------------------+-----
Shields        | 3 4 5 6 8 9 |  9.8
Axes           | 2 3 4 5 7 8 9 10 | 10.6
Armour         | 3 4 5 6 7 |  7.4
Dodging        | 1 2 3 4 |  4.9
Fighting       | 4 5 7 8 |  8.3
Stealth        | 2 3 |  3.1
Invocations    | |  0.9

Action                   |  1- 3 |  4- 6 |  7- 9 | 10-12 || total
-------------------------+-------+-------+-------+-------++-------
Melee: War axe           |   106 |   242 |   578 |   162 ||  1088
       Headbutt          |       |    14 |   122 |   161 ||   297
       Hand axe          |       |       |       |   412 ||   412
Invok: Heroism           |       |       |     2 |     8 ||    10
  Use: Potion            |     1 |     1 |       |     1 ||     3
       Scroll            |       |       |     8 |     8 ||    16
 Stab: Sleeping          |       |       |       |     2 ||     2
  Eat: Chunk             |     2 |     7 |    17 |    18 ||    44
Armor: Scale mail        |    64 |   130 |   246 |   291 ||   731
Dodge: Dodged            |    28 |    59 |    95 |   193 ||   375
Block: Shield            |    73 |    75 |       |       ||   148
       Large shield      |       |    71 |   427 |   578 ||  1076

Table legend:
 A = Non-vault XP
 B = Vault XP
 C = Vault XP percentage of total XP
 D = Non-vault monster count
 E = Vault monster count
 F = Vault count percentage of total count
                 A         B        C        D         E       F
            +---------+---------+-------+---------+---------+-------
      Total |   13018 |    9764 |  42.9 |     267 |     118 |  30.6
            +---------+---------+-------+---------+---------+-------
        D:1 |      81 |       0 |   0.0 |      20 |       0 |   0.0
        D:2 |      65 |       1 |   1.5 |      20 |       1 |   4.8
        D:3 |     130 |       0 |   0.0 |      27 |       0 |   0.0
        D:4 |     858 |     111 |  11.5 |      36 |      14 |  28.0
        D:5 |     183 |     220 |  54.6 |       9 |       7 |  43.8
        D:6 |     857 |      34 |   3.8 |      30 |       6 |  16.7
        D:7 |    1236 |     935 |  43.1 |      26 |       3 |  10.3
        D:8 |     398 |       0 |   0.0 |      16 |       0 |   0.0
        D:9 |    1925 |      44 |   2.2 |      33 |       4 |  10.8
       D:10 |    5202 |       0 |   0.0 |      36 |       0 |   0.0
       D:11 |    2083 |    1378 |  39.8 |      14 |       7 |  33.3
      Sewer |       0 |     245 | 100.0 |       0 |      48 | 100.0
      IceCv |       0 |    6796 | 100.0 |       0 |      28 | 100.0
            +---------+---------+-------+---------+---------+-------
